 Dungeon Crawl Stone Soup version 0.31.0 (webtiles) character file.

Game seed: 7601883189544722118

4 qw the Shooter (level 1, -2/12 HPs)
             Began as a Gargoyle Hunter on Jan 19, 2024.
             Frozen to death by an endoplasm (3 damage)
             ... on level 1 of the Dungeon.
             The game lasted 00:00:00 (37 turns).

qw the Shooter (Gargoyle Hunter)                      Turns: 37, Time: 00:00:00

Health: -2/12      AC:  5    Str: 14    XL:     1   Next: 60%
Magic:  1/1        EV: 11    Int:  9    God:
Gold:   0          SH:  0    Dex: 13    Spells: 0/0 levels left

rFire   . . .        a - +0 shortbow
rCold   . . .        (shield currently unavailable)
rNeg    + . .        c - +0 leather armour
rPois   inf          (no helmet)
rElec   +            (no cloak)
rCorr   .            (no gloves)
SInv    .            (no boots)
Will    .....        (no amulet)
Stlth   +            (no ring)
HPRegen 0.22/turn    (no ring)
MPRegen 0.07/turn

%: no passive effects
@: no status effects
A: sickness immunity, AC +2, negative energy resistance 1, electricity
resistance, torment resistance 1, petrification resistance
a: no special abilities


You were on level 1 of the Dungeon.
You visited 1 branch of the dungeon, and saw 1 of its levels.


Innate Abilities, Weirdness & Mutations

You are immune to sickness and miasma.
Your stone body is resilient. (AC +2)
You are immune to poison.
You resist negative energy. (rN+)
You are resistant to electric shocks. (rElec)
You are resistant to unholy torment.
You are immune to petrification.


   Skills:
 - Level 2.1 Fighting
 + Level 4.2 Ranged Weapons
 - Level 1.5 Dodging
 - Level 1.1 Stealth


You couldn't memorise any spells.
You didn't know any spells.
Your spell library was empty.

Inventory:

Hand Weapons
 a - a +0 shortbow (weapon)
Armour
 c - a +0 leather armour (worn)
Scrolls
 b - a scroll of butterflies

Dungeon Overview and Level Annotations

Branches:
Dungeon (1/15)

Altars:


Message History

The ball python constricts you.
You shoot an arrow.
The arrow barely misses the ball python.
The bat hits you but does no damage. The kobold barely misses you.
The ball python bites you but does no damage.
The ball python constricts you. The endoplasm barely misses you.
The kobold hits you but does no damage.
You shoot an arrow.
The arrow closely misses the ball python.
The bat closely misses you.
The ball python bites you but does no damage.
The ball python constricts you. The endoplasm freezes you.
You are frozen.
The kobold barely misses you.
You shoot an arrow. The arrow hits the ball python.
The ball python is heavily wounded.
The bat closely misses you. The bat hits you but does no damage. x2
The ball python bites you. The ball python constricts you.
The endoplasm hits you but does no damage.
The kobold hits you but does no damage. The ball python bites you.
The ball python constricts you.
You shoot an arrow.
The arrow barely misses the ball python.
The bat closely misses you.
The ball python bites you but does no damage.
The ball python constricts you.
The endoplasm hits you but does no damage.
The kobold hits you with a +0 club.
You shoot an arrow. The arrow hits the ball python!
You kill the ball python!
The endoplasm misses you. The kobold barely misses you.
The bat hits you but does no damage.
You shoot an arrow. The arrow hits the kobold.
You kill the kobold!
The bat hits you but does no damage. The endoplasm freezes you.
You are frozen.
The bat barely misses you. The endoplasm freezes you.
You are frozen.
You die...

...... ...$.... ...
........####..#(#.. ..
...................
..................... %
.?................
#.#................#
.####.#.....~~~~~~~~~~..
......J%b...~........~..
#.)@....~.....~~.~.~
#.......~.....~.<~..
##.......~..~~.~.~~..
...........~..~>.~.....
...........~~.~.~~.....
...............~........
.#####.........~~~~~~~~~
#......#...........
....................


You could see an endoplasm and a bat.

Vanquished Creatures
  2 ball pythons (D:1)
  A kobold (D:1)
  2 rats (D:1)
5 creatures vanquished.

Notes
Turn   | Place    | Note
-------+----------+-------------------------------------------
     0 | D:1      | qw the Gargoyle Hunter began the quest for the Orb.
     0 | D:1      | Reached XP level 1. HP: 12/12 MP: 1/1
     0 | D:1      | 0 ||| qw: Version: 0.3-a-132-g3d54051
     0 | D:1      | 0 ||| qw: Game counter: 419
     0 | D:1      | 0 ||| qw: Melee chars always use a shield: true
     0 | D:1      | 0 ||| qw: God list: Okawaru
     0 | D:1      | 0 ||| qw: Allow faded altars: false
     0 | D:1      | 0 ||| qw: Do Orc after clearing Dungeon:15 true
     0 | D:1      | 0 ||| qw: Do second Lair branch before Depths: true
     0 | D:1      | 0 ||| qw: Lair rune preference: random
     0 | D:1      | 0 ||| qw: Goals: Normal
     0 | D:1      | 0 ||| PLANNING D:1-11
    35 | D:1      | HP: 3/12 [kobold/+0 club (2)]
    37 | D:1      | HP: 1/12 [frozen (3)]
    37 | D:1      | Frozen to death by an endoplasm

Levels and vault maps discovered:
D:1:      ebering_trefoil_twist, layout_basic, minmay_pentomino_w2

Action                     || total
---------------------------++-------
   Fire: Shortbow          ||    19
 Armour: Leather armour    ||    20
  Dodge: Dodged            ||    18

Table legend:
 A = Non-vault XP
 B = Vault XP
 C = Vault XP percentage of total XP
 D = Non-vault monster count
 E = Vault monster count
 F = Vault count percentage of total count
                 A         B        C        D         E       F
            +---------+---------+-------+---------+---------+-------
      Total |       8 |       0 |   0.0 |       5 |       0 |   0.0
            +---------+---------+-------+---------+---------+-------
        D:1 |       8 |       0 |   0.0 |       5 |       0 |   0.0
            +---------+---------+-------+---------+---------+-------
